 Dungeon Crawl Stone Soup version 0.19.0-2-gae57169 (webtiles) character file.

13262 nikitadem the Bludgeoner (level 11, -3/95 HPs)
             Began as a Minotaur Berserker on Nov 3, 2016.
             Was a High Priest of Trog.
             Shot with an arrow by Nessos (5 damage)
             ... on level 4 of the Lair of Beasts.
             The game lasted 00:54:14 (10764 turns).

nikitadem the Bludgeoner (Minotaur Berserker)      Turns: 10764, Time: 00:54:14

Health: -3/95      AC: 19    Str: 25    XL:     11   Next: 73%
Magic:  10/10      EV: 10    Int:  4    God:    Trog [*****.]
Gold:   441        SH:  0    Dex: 16    Spells: 0 memorised, 10 levels left

rFire  . . .     SeeInvis .     r - +3 flail (protect)
rCold  + . .     Gourm    .     H - +2 plate armour
rNeg   . . .     Faith    .     (no shield)
rPois  .         Spirit   .     (helmet unavailable)
rElec  .         Reflect  .     t - +2 cloak
rCorr  .         Harm     .     (no gloves)
MR     ++...                    (no boots)
Stlth  ..........               (no amulet)
                                w - ring of the Jolly Runes {Dex+4 Stlth-}
                                h - ring of protection from cold

@: lethally poisoned (-3 -> -4), exhausted, regenerating, slowed, very slow
A: retaliatory headbutt, horns 3, agile 1, wild magic 1
a: Berserk, Trog's Hand, Brothers in Arms, Burn Spellbooks, Renounce Religion


You were on level 4 of the Lair of Beasts.
You worshipped Trog.
Trog was extremely pleased with you.
You were not hungry.

You visited 2 branches of the dungeon, and saw 12 of its levels.

You collected 763 gold pieces.
You spent 322 gold pieces at shops.

Inventory:

Hand Weapons
 r - a +3 flail of protection (weapon)
 s - a +0 fustibalus
 P - a +0 morningstar
 R - a +0 flail
Armour
 t - a +2 cloak (worn)
 H - a +2 plate armour (worn)
Magical Staves
 Q - an uncursed staff of poison {unknown}
Jewellery
 b - an uncursed ring of magical power
 d - the ring of Bafeoxat {+Fly Str+3 Int+3 Dex-5 Stlth+, unknown}
   (You found it on level 1 of the Lair of Beasts)

   [ring of stealth]

   It affects your strength (+3).
   It affects your intelligence (+3).
   It affects your dexterity (-5).
   It lets you fly.
   It makes you more stealthy.
 h - a ring of protection from cold (left hand)
 i - an uncursed ring of stealth {unknown}
 p - an uncursed amulet of rage {unknown}
 w - the ring of the Jolly Runes (right hand) {Dex+4 Stlth-}
   (You took it off an orc on level 6 of the Dungeon)

   [ring of loudness]

   It affects your dexterity (+4).
   It makes you less stealthy.
 A - an uncursed ring of magical power
 J - an uncursed ring of wizardry {unknown}
 L - an uncursed amulet of rage {unknown}
Wands
 a - a wand of acid (6/15)
 e - a wand of iceblast (15/15)
 y - a wand of lightning (3/15)
 C - a wand of polymorph (14/24)
 G - a wand of confusion (17/48)
 I - a wand of random effects (28/48)
 N - a wand of acid (8/15)
 S - a wand of paralysis (11/24)
Scrolls
 c - a scroll of recharging
 f - a scroll of blinking
 l - 4 scrolls of remove curse
 o - a scroll of amnesia
 q - a scroll of noise {unknown}
 v - 8 scrolls of identify
 D - a scroll of teleportation
Potions
 j - 2 potions of might {unknown}
 k - 4 potions of flight {unknown}
 m - 6 potions of lignification
 M - a potion of agility
 O - 2 potions of magic {unknown}
Books
 F - a book of Frost

   Spells                             Type                      Level
   a - Freeze                         Ice                          1
   b - Throw Frost                    Conjuration/Ice              2
   c - Ozocubu's Armour               Charms/Ice                   3
   d - Throw Icicle                   Conjuration/Ice              4
   e - Summon Ice Beast               Ice/Summoning                4
   Trog disapproves of the use of such an item.
Miscellaneous
 g - a lamp of fire
Comestibles
 x - 9 bread rations
 z - 19 fruits
 B - 3 slices of pizza
 E - a beef jerky
 K - 2 meat rations


   Skills:
 + Level 8.5 Fighting
 - Level 16.0 Maces & Flails
   Level 9.4 Polearms
 + Level 8.5 Armour
 + Level 4.9 Dodging
 - Level 1.0 Stealth


You had 10 spell levels left.
You didn't know any spells.

Dungeon Overview and Level Annotations

Branches:
Dungeon (8/15)             Temple (0/1) D:7            Lair (4/6) D:8
  Swamp (0/4) Lair:3       Spider (0/4) Lair:2

Altars:
Dithmenos
Elyvilon
Nemelex Xobeh
Xom
Yredelemnul

Shops:
D:8 [

Annotations:
Lair:4 Nessos


Innate Abilities, Weirdness & Mutations

You reflexively headbutt those who attack you in melee.
You have a pair of large horns on your head.
You are agile. (Dex +2)
Your spells are a little harder to cast, but a little more powerful.


Message History

You headbutt the black mamba!
You kill the black mamba!
Trog accepts your kill.
You feel very sick.
Nessos blinks!
The yak gores you.
* * * LOW HITPOINT WARNING * * *
* * * LOW HITPOINT WARNING * * *
You feel very sick. Nessos hits you but does no damage.
The yak gores you but does no damage.
* * * LOW HITPOINT WARNING * * *
You feel sick.
Nessos wields an uncursed longbow of flaming.
It bursts into flame!
Nessos shoots an arrow.
The arrow closely misses you.
Nessos casts a spell.
The yak gores you but does no damage.
You feel better.
Nessos blinks!
Nessos shoots an arrow.
The arrow hits you!
* * * LOW HITPOINT WARNING * * *
The arrow burns you.
You are poisoned.
You die...

#.........)#
.........#######
.....#...###.#.#
.....#....#...#
..............##
.#.........(..P##
..#.............###
..................#
................@Y####
..........c.....Y§Y..##
................Y..(#.##
.................†.....#
........#........(.(...##
.......#####............#
.......# ###.........#.
.......# ##P.........
.......... ##((.......


You could see Nessos and 4 yaks.

Vanquished Creatures
  A hydra (Lair:1)
  3 elephants (Lair:2)
  2 black mambas
  3 spiny frogs
  A rime drake (Lair:3)
  3 komodo dragons
  A jumping spider (Lair:2)
  2 hippogriffs
  The ghost of Mukku the Changer, an amateur MfTm (D:4)
  6 blink frogs
  8 yaks
  7 spriggans
  A wyvern (D:8)
  4 basilisks
  5 water moccasins
  5 porcupines
  An ice beast (D:8)
  A sky beast (D:5)
  A necrophage (D:8)
  A phantom (D:8)
  4 wolves (Lair:1)
  3 centaurs
  3 crocodiles (Lair:2)
  7 bullfrogs
  A water moccasin zombie (D:7)
  A scorpion (D:6)
  4 howler monkeys
  3 crimson imps
  A quasit (D:7)
  3 hounds
  7 orc wizards
  2 centaur skeletons
  7 orc priests
  A bullfrog skeleton (D:6)
  An iguana (D:8)
  3 worker ants
  A killer bee zombie (D:8)
  A hound zombie (D:6)
  4 gnolls (D:6)
  8 adders
  A howler monkey skeleton (D:8)
  2 oozes
  An adder zombie (D:6)
  An adder skeleton (D:4)
  5 worms
  4 leopard geckos
  28 orcs
  A ball python (D:4)
  11 giant cockroaches
  9 goblins
  5 hobgoblins
  15 jackals
  8 quokkas
  6 bats
  2 frilled lizards
  6 kobolds
  A quokka skeleton (D:8)
  A quokka zombie (D:5)
  5 rats
  A fungus (D:8)
  A plant (D:8)
236 creatures vanquished.

Vanquished Creatures (collateral kills)
  3 jumping spiders (Lair:2)
3 creatures vanquished.

Vanquished Creatures (others)
  An orc wizard (D:6)
  3 plants (Lair:3)
4 creatures vanquished.

Grand Total: 243 creatures vanquished

Notes
Turn   | Place    | Note
-------+----------+-------------------------------------------
     0 | D:1      | nikitadem the Minotaur Berserker began the quest for the Orb.
     0 | D:1      | Reached XP level 1. HP: 19/19 MP: 0/0
    85 | D:1      | Reached XP level 2. HP: 25/27 MP: 1/1
   374 | D:2      | Reached XP level 3. HP: 33/33 MP: 2/2
   866 | D:2      | Reached ** piety under Trog
   882 | D:2      | Reached skill level 5 in Polearms
  1129 | D:2      | Reached XP level 4. HP: 32/41 MP: 3/3
  1744 | D:3      | Paralysed by fainting for 11 turns
  2932 | D:4      | Found a sparkling altar of Nemelex Xobeh.
  2944 | D:4      | Reached XP level 5. HP: 43/47 MP: 4/4
  3188 | D:4      | Gained mutation: You are agile. (Dex +2) [potion of mutation]
  3188 | D:4      | Gained mutation: You have a pair of large horns on your head. [potion of mutation]
  3188 | D:4      | Gained mutation: Your spells are a little harder to cast, but a little more powerful. [potion of mutation]
  3296 | D:4      | Noticed Mukku's ghost (amateur MfTm)
  3311 | D:4      | Killed Mukku's ghost
  3311 | D:4      | Reached skill level 5 in Fighting
  3311 | D:4      | Reached skill level 5 in Armour
  3311 | D:4      | Reached XP level 6. HP: 56/56 MP: 5/5
  3455 | D:4      | Found a shadowy altar of Dithmenos.
  3760 | D:4      | Reached *** piety under Trog
  3938 | D:5      | Entered Level 5 of the Dungeon
  3951 | D:5      | Reached XP level 7. HP: 32/61 MP: 6/6
  4635 | D:5      | HP: 1/61 [sky beast (5)]
  4972 | D:6      | Reached skill level 1 in Stealth
  4972 | D:6      | Reached XP level 8. HP: 70/70 MP: 7/7
  5072 | D:6      | Found a shimmering altar of Xom.
  5074 | D:6      | Found a shadowy altar of Dithmenos.
  5228 | D:6      | Got a glittering amber ring
  5426 | D:6      | Found a basalt altar of Yredelemnul.
  5432 | D:6      | Reached **** piety under Trog
  5650 | D:7      | Reached skill level 1 in Maces & Flails
  5660 | D:7      | Noticed a hippogriff
  5674 | D:7      | Killed a hippogriff
  5674 | D:7      | Reached skill level 2 in Maces & Flails
  5795 | D:7      | Identified the ring of the Jolly Runes {Dex+4 Stlth-} (You took it off an orc on level 6 of the Dungeon)
  5884 | D:7      | Reached skill level 3 in Maces & Flails
  5984 | D:7      | Found a staircase to the Ecumenical Temple.
  6139 | D:7      | Reached skill level 4 in Maces & Flails
  6472 | D:8      | Reached skill level 5 in Maces & Flails
  6472 | D:8      | Reached XP level 9. HP: 78/78 MP: 8/8
  6576 | D:8      | Found Gimahazo's Armour Boutique.
  6664 | D:8      | Reached skill level 6 in Maces & Flails
  6754 | D:8      | Reached skill level 7 in Maces & Flails
  6754 | D:8      | Reached ***** piety under Trog
  6856 | D:8      | Reached skill level 8 in Maces & Flails
  6938 | D:8      | Found a staircase to the Lair.
  7004 | D:8      | Reached skill level 9 in Maces & Flails
  7076 | D:8      | Found a white marble altar of Elyvilon.
  7172 | D:8      | Bought a +0 plate armour for 322 gold pieces
  7264 | Lair:1   | Entered Level 1 of the Lair of Beasts
  7307 | Lair:1   | Got a heavily runed jade ring
  7488 | Lair:1   | Reached skill level 10 in Maces & Flails
  7504 | Lair:1   | Noticed a five-headed hydra
  7505 | Lair:1   | Noticed a spiny frog
  7513 | Lair:1   | Killed a spiny frog
  7514 | Lair:1   | Killed a five-headed hydra
  7514 | Lair:1   | Reached skill level 11 in Maces & Flails
  7514 | Lair:1   | Reached XP level 10. HP: 84/84 MP: 9/9
  7922 | Lair:1   | Noticed a spiny frog
  7930 | Lair:1   | Killed a spiny frog
  7984 | Lair:1   | Reached skill level 12 in Maces & Flails
  8194 | Lair:2   | Found a hole to the Spider Nest.
  8253 | Lair:2   | Reached skill level 13 in Maces & Flails
  8658 | Lair:2   | Reached skill level 14 in Maces & Flails
  8696 | Lair:2   | Noticed an elephant
  8696 | Lair:2   | Noticed an elephant
  8697 | Lair:2   | Noticed an elephant
  8707 | Lair:2   | Killed an elephant
  8710 | Lair:2   | Killed an elephant
  8715 | Lair:2   | Killed an elephant
  8715 | Lair:2   | Reached XP level 11. HP: 91/91 MP: 10/10
  9061 | Lair:2   | Reached skill level 15 in Maces & Flails
  9620 | Lair:3   | Reached skill level 16 in Maces & Flails
  9894 | Lair:3   | Found a staircase to the Swamp.
 10738 | Lair:4   | Noticed Nessos
 10752 | Lair:4   | HP: 3/95 [black mamba (7)]
 10761 | Lair:4   | HP: 2/95 [yak (3)]
 10764 | Lair:4   | Shot with an arrow by Nessos

Skill      XL: |  1  2  3  4  5  6  7  8  9 10 11 |
---------------+----------------------------------+-----
Polearms       | 4 5 6 7 8 9 |  9.4
Fighting       | 4 5 6 8 |  8.5
Armour         | 3 5 6 7 8 |  8.5
Stealth        | 1 |  1.0
Maces & Flails | 5 11 14 16 | 16.0
Dodging        | 3 4 |  4.9

Action                   |  1- 3 |  4- 6 |  7- 9 | 10-12 || total
-------------------------+-------+-------+-------+-------++-------
Melee: Spear             |    62 |   131 |   111 |       ||   304
       Headbutt          |    11 |    19 |    60 |    59 ||   149
       Flail             |       |       |   164 |   197 ||   361
Invok: Berserk           |     5 |     7 |    14 |     7 ||    33
       Trog's Hand       |       |     3 |     2 |     2 ||     7
       Brothers in Arms  |       |       |       |     2 ||     2
  Use: Scroll            |       |     7 |    11 |     1 ||    19
       Potion            |       |     7 |     4 |     5 ||    16
  Eat: Bread ration      |     1 |     1 |     3 |     3 ||     8
       Chunk             |       |     5 |     1 |       ||     6
       Meat ration       |       |     2 |     1 |     1 ||     4
       Beef jerky        |       |       |     1 |       ||     1
       Fruit             |       |       |     1 |       ||     1
       Royal jelly       |       |       |       |     1 ||     1
Armor: Ring mail         |    23 |    53 |    93 |       ||   169
       Animal skin       |     1 |       |       |       ||     1
       Scale mail        |       |       |    67 |       ||    67
       Plate armour      |       |       |    25 |   207 ||   232
Dodge: Dodged            |    45 |    56 |   182 |   131 ||   414
